 Dungeon Crawl Stone Soup version 0.18-a0-1797-gc18daef (webtiles) character file.

47 ololoev the Skirmisher (level 3, -3/33 HPs)
             Began as a Hill Orc Fighter on Apr 22, 2016.
             Slain by a worker ant (5 damage)
             ... on level 4 of the Dungeon.
             The game lasted 00:01:11 (395 turns).

ololoev the Skirmisher (Hill Orc Fighter)            Turns: 395, Time: 00:01:11

Health: -3/33      AC:  9    Str: 19    XL:     3   Next: 70%
Magic:  3/3        EV:  7    Int:  8    God:
Gold:   80         SH:  0    Dex: 10    Spells: 0 memorised, 2 levels left

rFire  . . .     SeeInvis .     a - +0 war axe
rCold  . . .     Gourm    .     h - +0 chain mail
rNeg   . . .     Faith    .     (no shield)
rPois  .         Spirit   .     (no helmet)
rElec  .         Dismiss  .     (no cloak)
rCorr  .         Reflect  .     (no gloves)
SustAt .         Harm     .     (no boots)
MR     .....                    (no amulet)
Stlth  ..........               (no ring)
                                (no ring)

@: lethally poisoned (-3 -> -11), not resistant to hostile enchantments,
extremely unstealthy
A: no striking features
a: no special abilities

Inventory:

Hand Weapons
 a - a +0 war axe (weapon)
Armour
 h - a +0 chain mail (worn)
Scrolls
 c - a scroll of magic mapping {unknown}
 e - a scroll of immolation {unknown}
 g - a scroll of identify {unknown}
Potions
 d - a potion of might
Comestibles
 b - a chunk of flesh
 f - a bread ration


   Skills:
 + Level 4.2 Fighting
 * Level 4.0 Axes
 + Level 3.8 Armour
   Level 3.2 Shields


You had 2 spell levels left.
You didn't know any spells.


You were on level 4 of the Dungeon.
You were not hungry.

You visited 1 branch of the dungeon, and saw 4 of its levels.

You collected 80 gold pieces.

# #
####.#####.#
.......<@a.#
##.###.####
#.###.#####
#...<.....#
#..##.###.#
#. #.# # #..
###. ..

Notes
Turn   | Place    | Note
--------------------------------------------------------------
     0 | D:1      | ololoev the Hill Orc Fighter began the quest for the Orb.
     0 | D:1      | Reached XP level 1. HP: 19/19 MP: 1/1
    69 | D:1      | Reached XP level 2. HP: 22/27 MP: 2/2
   281 | D:2      | Reached XP level 3. HP: 28/33 MP: 3/3
   309 | D:3      | Found an opulent altar of Gozag.
   395 | D:4      | Slain by a worker ant

Dungeon Overview and Level Annotations

Branches:
Dungeon (4/15)
 Temple: D:4-7

Altars:
Gozag


Message History

No target in view!
No target in view!
You see here a goblin corpse.
You butcher the goblin corpse.
b - a chunk of flesh You see here a goblin skeleton.
Found a scroll labeled YJAAKHLENWIERCHU.
There is a stone staircase leading down here.
You climb downwards.
Found a stone staircase leading up.
There is a stone staircase leading up here.
A worker ant comes into view.
A worker ant is nearby!
A worker ant is nearby!
The worker ant bites you.
You closely miss the worker ant.
The worker ant bites you but does no damage.
The worker ant barely misses you.
You closely miss the worker ant. The worker ant barely misses you.
You hit the worker ant.
The worker ant is moderately wounded.
The worker ant bites you.
The worker ant bites you but does no damage.
You hit the worker ant.
The worker ant is heavily wounded.
The worker ant bites you but does no damage.
You closely miss the worker ant.
The worker ant is heavily wounded.
The worker ant bites you. The worker ant barely misses you.
You are too injured to fight recklessly!
You are too injured to fight recklessly!
You are too injured to fight recklessly!
You are too injured to fight recklessly!
You are too injured to fight recklessly!
You are too injured to fight recklessly!
You are too injured to fight recklessly!
You are too injured to fight recklessly!
You are too injured to fight recklessly!
You are too injured to fight recklessly!
You are too injured to fight recklessly!
You are too injured to fight recklessly!
You are too injured to fight recklessly!
You are too injured to fight recklessly!
You are too injured to fight recklessly!
You are too injured to fight recklessly!
You are too injured to fight recklessly!
You are too injured to fight recklessly!
You are too injured to fight recklessly!
You are too injured to fight recklessly!
You are too injured to fight recklessly!
You hit the worker ant.
The worker ant is severely wounded.
The worker ant bites you.
You are poisoned.
The worker ant poisons you!
The worker ant bites you but does no damage.
You hit the worker ant.
The worker ant is severely wounded.
You feel sick. The worker ant barely misses you.
You closely miss the worker ant.
The worker ant is severely wounded.
You feel sick. The worker ant barely misses you.
The worker ant bites you but does no damage.
You hit the worker ant.
The worker ant is almost dead.
The worker ant bites you.
You are lethally poisoned!
The worker ant poisons you!
You closely miss the worker ant.
The worker ant is almost dead.
You feel sick.
The worker ant bites you but does no damage.
The worker ant bites you.
You closely miss the worker ant.
The worker ant is almost dead.
You feel sick. The worker ant bites you. The worker ant closely misses you.
You closely miss the worker ant.
The worker ant is almost dead.
The worker ant bites you.
You die...

You could see a worker ant.

Vanquished Creatures
  2 adders (D:3)
  A giant gecko (D:1)
  5 goblins
  3 hobgoblins
  3 jackals (D:2)
  5 kobolds
  2 bats
  3 giant newts (D:1)
  3 rats
27 creatures vanquished.

Action                   || total
-------------------------++-------
Melee: War axe           ||    88
Armor: Scale mail        ||    21
       Chain mail        ||    34
Dodge: Dodged            ||    43

Vault maps used:
D:1:      erik_arrival_cave_to_civilisation
D:2:      makhleb_altar_promises_db, lemuel_crystal_altar
D:3:      nicolae_gozag_cash_rules_everything_around_me
